Vancouver Canucks vs Edmonton Oilers
Created - Monday, March 25, 2024 at 07:30
Goals
|
| Vancouver Canucks |
1 |
1 |
2 |
4 |
| Edmonton Oilers |
1 |
0 |
1 |
2 |
|
Shots
|
| Vancouver Canucks |
9 |
15 |
12 |
36 |
| Edmonton Oilers |
13 |
18 |
7 |
38 |
|
1st period
1. Edmonton Oilers , Tanner Jeannot 4 (Derek Grant 6, Dawson Mercer 9) at 4:39
2. Vancouver Canucks , Taylor Raddysh 6 (Miro Heiskanen 16) at 9:44
Penalties :
Tanner Jeannot (EDM) for Holding (Minor) at 6:03, Jacob Trouba (EDM) for Checking from behind (Minor) at 15:42
2nd period
3. Vancouver Canucks , Clayton Keller 12 (Casey Mittelstadt 12, Kasperi Kapanen 7) at 12:47
Penalties :
Chad Ruhwedel (VAN) for Hooking (Minor) at 4:38, Rasmus Ristolainen (EDM) for Interference (Minor) at 14:15, Adrian Kempe (EDM) for Hooking (Minor) at 17:22
3rd period
4. Edmonton Oilers , Blake Wheeler 8 (Jeff Carter 9) at 5:27
5. Vancouver Canucks , Kasperi Kapanen 10 (Artturi Lehkonen 17, Casey Mittelstadt 13) at 12:13 (PP)
6. Vancouver Canucks , Aleksander Barkov 10 (Mikko Rantanen 15, Noah Hanifin 8) at 19:43 (Empty Net)
Penalties :
Clayton Keller (VAN) for Holding Stick (Minor) at 5:32, Tanner Jeannot (EDM) for High sticking (Minor) at 7:48, Jake DeBrusk (EDM) for Diving (Minor) at 11:13, Scott Mayfield (EDM) for Hooking (Minor) at 12:08
Goalie Stats
Ville Husso (VAN), 36 saves from 38 shots - (0.947), W, 7-10-0, 60:00 minutes
Juuse Saros (EDM), 32 saves from 35 shots - (0.914), L, 22-14-1, 58:57 minutes
Players Stats for Vancouver Canucks
Player Name G A P +/- PIM S H SB GA TA FO MP PP MP PK MP
------------------------------------------------------------------------------------
Adam Boqvist 0 0 0 0 0 0 1 2 0 2 0/0 20:04 6:45 2:10
Aleksander Barkov 1 0 1 0 0 2 0 1 1 0 5/17 21:16 6:08 1:55
Anton Lundell 0 0 0 0 0 2 0 2 0 0 1/1 12:15 0:26 0:05
Artturi Lehkonen 0 1 1 -1 0 4 1 0 0 0 0/1 21:08 6:41 1:49
Casey Mittelstadt 0 2 2 1 0 2 1 2 1 0 4/22 17:40 6:26 0:33
Chad Ruhwedel 0 0 0 -2 2 2 1 2 0 2 0/0 21:57 6:45 1:14
Clayton Keller 1 0 1 2 2 4 0 1 1 0 0/6 18:03 5:30 0:52
Jacob Bryson 0 0 0 -2 0 1 2 1 0 1 0/0 14:16 0:00 0:56
Jake Bean 0 0 0 0 0 0 0 0 0 0 0/0 10:37 0:00 0:00
Jesperi Kotkaniemi 0 0 0 0 0 6 0 0 2 0 6/13 12:05 0:00 0:47
Kasperi Kapanen 1 1 2 1 0 3 1 0 1 0 0/0 16:59 6:15 0:00
Mikko Rantanen 0 1 1 0 0 3 6 1 0 0 0/2 21:16 6:08 1:55
Miro Heiskanen 0 1 1 3 0 3 1 1 0 1 0/0 26:36 6:04 1:48
Noah Cates 0 0 0 0 0 0 1 0 0 0 1/3 7:30 0:00 0:00
Noah Hanifin 0 1 1 3 0 1 1 2 0 0 0/0 26:36 6:04 1:48
Robby Fabbri 0 0 0 0 0 0 1 0 1 0 1/1 7:30 0:00 0:00
Sam Lafferty 0 0 0 0 0 1 1 0 0 1 1/1 7:30 0:00 0:00
Taylor Raddysh 1 0 1 0 0 2 0 0 0 0 1/2 12:42 0:53 0:00
Players Stats for Edmonton Oilers
Player Name G A P +/- PIM S H SB GA TA FO MP PP MP PK MP
------------------------------------------------------------------------------------
Adrian Kempe 0 0 0 -3 2 0 1 0 2 0 0/0 16:08 2:08 0:00
Alex Iafallo 0 0 0 1 0 3 1 0 1 0 0/0 15:12 0:00 5:46
Blake Wheeler 1 0 1 1 0 3 2 0 0 2 0/1 11:01 2:40 0:00
Boone Jenner 0 0 0 -3 0 2 1 0 1 1 19/22 16:09 2:08 0:00
Brandon Carlo 0 0 0 0 0 0 0 3 1 0 0/0 24:21 0:00 6:31
Brett Pesce 0 0 0 -1 0 0 0 1 0 0 0/0 15:11 1:18 3:11
Brock Boeser 0 0 0 -1 0 6 1 0 1 0 1/2 16:36 2:08 0:00
David Perron 0 0 0 -2 0 5 1 0 0 0 0/1 16:03 1:50 0:54
Dawson Mercer 0 1 1 1 0 0 1 0 0 0 0/0 8:06 1:18 0:29
Derek Grant 0 1 1 1 0 2 0 0 0 0 10/13 13:26 0:00 6:49
Evan Bouchard 0 0 0 0 0 0 1 1 1 1 0/0 17:04 2:40 0:00
Jacob Trouba 0 0 0 0 2 1 0 3 0 2 0/0 21:50 0:00 5:28
Jake DeBrusk 0 0 0 0 2 4 1 0 0 1 1/1 15:27 1:50 0:00
Jeff Carter 0 1 1 1 0 2 4 0 0 0 7/10 13:46 0:00 4:57
Mikael Backlund 0 0 0 0 0 3 0 0 0 0 11/18 17:30 1:50 1:54
Rasmus Ristolainen 0 0 0 0 2 3 0 0 0 0 0/0 20:33 0:00 5:25
Scott Mayfield 0 0 0 -1 2 1 1 1 0 0 0/0 17:09 0:00 5:02
Tanner Jeannot 1 0 1 1 4 3 0 0 0 0 0/1 11:27 0:00 4:44
3 Stars
1 - Kasperi Kapanen (VAN)
2 - Ville Husso (VAN)
3 - Noah Hanifin (VAN)
Power Play
Vancouver Canucks - 1 on 7 Attempt(s) - 14.29%
Edmonton Oilers - 0 on 2 Attempt(s) - 0.00%
Penalty Kill
Vancouver Canucks - 2 on 2 Attempt(s) - 100.00%
- Score 0 goal in Penalty Kill
Edmonton Oilers - 6 on 7 Attempt(s) - 85.71%
- Score 0 goal in Penalty Kill
Team Stat
Vancouver Canucks - Hits : 18 - Faceoff Wins : 20 - Blocked Shots : 15 - Penalty Minutes : 4
Edmonton Oilers - Hits : 15 - Faceoff Wins : 49 - Blocked Shots : 9 - Penalty Minutes : 14
Official
Referees : Francois StLaurent and Eric Furlatt
Linesman : Kiel Murchison and Mark Shewchyk
Game Notes
Aleksander Barkov has scored in a empty net!
Finance
Level 1 -- Attendance: 6000 (100.00%) -- Ticket Income $540,000
Level 2 -- Attendance: 4735 (94.70%) -- Ticket Income $236,750
Level 3 -- Attendance: 2796 (93.20%) -- Ticket Income $83,880
Level 4 -- Attendance: 5000 (100.00%) -- Ticket Income $100,000
Luxury Box -- Attendance: 984 (98.40%) -- Ticket Income $186,960
Game was played at the Rexall Place.
Total Attendance: 19515 (97.58%)
Total Ticket Income: $1,147,590
Other Income: $401,656
Total Income: $1,549,246
Vancouver Canucks
5 vs 5 Forward
Center Left Wing Right Wing Time % Phy DF OF
1 Aleksander Barkov Artturi Lehkonen Mikko Rantanen 30 1 2 2
2 Casey Mittelstadt Clayton Keller Kasperi Kapanen 30 1 2 2
3 Jesperi Kotkaniemi Anton Lundell Taylor Raddysh 25 1 2 2
4 Noah Cates Robby Fabbri Sam Lafferty 15 1 2 2
5 vs 5 Defense
Defense Defense Time % Phy DF OF
1 Noah Hanifin Miro Heiskanen 30 1 2 2
2 Chad Ruhwedel Jacob Bryson 30 1 2 2
3 Jake Bean Adam Boqvist 25 1 2 2
4 Noah Hanifin Miro Heiskanen 15 1 2 2
PowerPlay Forward
Center Left Wing Right Wing Time % Phy DF OF
1 Aleksander Barkov Clayton Keller Mikko Rantanen 50 1 2 2
2 Casey Mittelstadt Artturi Lehkonen Kasperi Kapanen 50 1 2 2
PowerPlay Defense
Defense Defense Time % Phy DF OF
1 Noah Hanifin Miro Heiskanen 50 1 2 2
2 Chad Ruhwedel Adam Boqvist 50 1 2 2
Penalty Kill 4 Players Forward
Center Wing Time % Phy DF OF
1 Aleksander Barkov Mikko Rantanen 50 1 2 2
2 Clayton Keller Artturi Lehkonen 50 1 2 2
Penalty Kill 4 Players Defense
Defense Defense Time % Phy DF OF
1 Noah Hanifin Miro Heiskanen 50 1 2 2
2 Chad Ruhwedel Adam Boqvist 50 1 2 2
Penalty Kill - 3 Players Forward
Forward Time % Phy DF OF
1 Aleksander Barkov 50 1 2 2
2 Mikko Rantanen 50 1 2 2
Penalty Kill - 3 Players Defense
Defense Defense Time % Phy DF OF
1 Noah Hanifin Miro Heiskanen 50 1 2 2
2 Chad Ruhwedel Adam Boqvist 50 1 2 2
4 vs 4 Forward
Center Wing Time % Phy DF OF
1 Aleksander Barkov Mikko Rantanen 50 1 2 2
2 Clayton Keller Artturi Lehkonen 50 1 2 2
4 vs 4 Defense
Defense Defense Time % Phy DF OF
1 Noah Hanifin Miro Heiskanen 50 1 2 2
2 Chad Ruhwedel Adam Boqvist 50 1 2 2
Last Minutes Offensive
Center Left Wing Right Wing Defense Defense
Aleksander Barkov Clayton Keller Mikko Rantanen Noah Hanifin Miro Heiskanen
Last Minutes Defensive
Center Left Wing Right Wing Defense Defense
Aleksander Barkov Clayton Keller Mikko Rantanen Noah Hanifin Miro Heiskanen
Goaltenders
Starting : Ville Husso
Backup : Joonas Korpisalo
Extra Forwards
Normal : Taylor Raddysh, Anton Lundell, Jesperi Kotkaniemi - PP : Taylor Raddysh, Anton Lundell - PK : Jesperi Kotkaniemi
Extra Defensemen
Normal : Jake Bean, Jacob Bryson, Chad Ruhwedel - PP : Jake Bean - PK : Jacob Bryson, Chad Ruhwedel
Penalty Shots
Aleksander Barkov, Mikko Rantanen, Clayton Keller, Artturi Lehkonen, Casey Mittelstadt
Edmonton Oilers
5 vs 5 Forward
Center Left Wing Right Wing Time % Phy DF OF
1 Boone Jenner Adrian Kempe David Perron 34 1 1 3
2 Mikael Backlund Jake DeBrusk Brock Boeser 34 0 2 3
3 Jeff Carter Alex Iafallo Blake Wheeler 20 1 2 2
4 Derek Grant Tanner Jeannot Dawson Mercer 12 1 3 1
5 vs 5 Defense
Defense Defense Time % Phy DF OF
1 Jacob Trouba Brandon Carlo 35 1 3 1
2 Rasmus Ristolainen Evan Bouchard 35 0 2 3
3 Brett Pesce Scott Mayfield 25 1 3 1
4 Brandon Carlo Scott Mayfield 5 1 4 0
PowerPlay Forward
Center Left Wing Right Wing Time % Phy DF OF
1 Boone Jenner Adrian Kempe Brock Boeser 60 1 0 4
2 Mikael Backlund Jake DeBrusk David Perron 40 1 0 4
PowerPlay Defense
Defense Defense Time % Phy DF OF
1 Evan Bouchard Blake Wheeler 60 1 1 3
2 Brett Pesce Dawson Mercer 40 0 2 3
Penalty Kill 4 Players Forward
Center Wing Time % Phy DF OF
1 Derek Grant Tanner Jeannot 53 1 4 0
2 Jeff Carter Alex Iafallo 47 1 4 0
Penalty Kill 4 Players Defense
Defense Defense Time % Phy DF OF
1 Brandon Carlo Jacob Trouba 50 2 3 0
2 Scott Mayfield Rasmus Ristolainen 50 2 3 0
Penalty Kill - 3 Players Forward
Forward Time % Phy DF OF
1 Derek Grant 50 1 4 0
2 Mikael Backlund 50 1 4 0
Penalty Kill - 3 Players Defense
Defense Defense Time % Phy DF OF
1 Brandon Carlo Jacob Trouba 50 1 4 0
2 Scott Mayfield Rasmus Ristolainen 50 1 4 0
4 vs 4 Forward
Center Wing Time % Phy DF OF
1 Boone Jenner Adrian Kempe 50 1 2 2
2 Mikael Backlund Brock Boeser 50 0 2 3
4 vs 4 Defense
Defense Defense Time % Phy DF OF
1 Jacob Trouba Brandon Carlo 50 1 3 1
2 Rasmus Ristolainen Evan Bouchard 50 1 1 3
Last Minutes Offensive
Center Left Wing Right Wing Defense Defense
Boone Jenner Adrian Kempe Brock Boeser Brett Pesce Evan Bouchard
Last Minutes Defensive
Center Left Wing Right Wing Defense Defense
Mikael Backlund Derek Grant Tanner Jeannot Brandon Carlo Scott Mayfield
Goaltenders
Starting : Juuse Saros
Backup : Matt Murray
Extra Forwards
Normal : Brock Boeser, Adrian Kempe, Boone Jenner - PP : Jake DeBrusk, Brock Boeser - PK : Mikael Backlund
Extra Defensemen
Normal : Evan Bouchard, Jacob Trouba, Brandon Carlo - PP : Jacob Trouba - PK : Brett Pesce, Brandon Carlo
Penalty Shots
Boone Jenner, Adrian Kempe, Brock Boeser, Jake DeBrusk, Dawson Mercer
% Time on Ice - Vancouver Canucks
Lines # - Real PCT - Wanted PCT - Time Play
Normal Forward
1 - 30% - 30% - 12:43
2 - 26% - 30% - 10:58
3 - 27% - 25% - 11:16
4 - 18% - 15% - 7:30
Normal Defense
1 - 30% - 30% - 12:54
2 - 33% - 30% - 13:52
3 - 25% - 25% - 10:29
4 - 12% - 15% - 5:12
PP Forward
1 - 48% - 50% - 6:08
2 - 52% - 50% - 6:41
PP Defense
1 - 47% - 50% - 6:04
2 - 53% - 50% - 6:45
PK Forward
1 - 48% - 50% - 1:55
2 - 52% - 50% - 2:03
PK Defense
1 - 45% - 50% - 1:48
2 - 55% - 50% - 2:10
PK3 Forward
1 - 0% - 50%
2 - 0% - 50%
PK3 Defense
1 - 0% - 50%
2 - 0% - 50%
44 Forward
1 - 0% - 50%
2 - 0% - 50%
44 Defense
1 - 0% - 50%
2 - 0% - 50%
Last Minute Offensive - 0:00
Last Minute Defensive - 0:46
Total
Forward - 60:00
Defense - 60:00
|
% Time on Ice - Edmonton Oilers
Lines # - Real PCT - Wanted PCT - Time Play
Normal Forward
1 - 32% - 34% - 13:38
2 - 33% - 34% - 14:06
3 - 20% - 20% - 8:21
4 - 15% - 12% - 6:23
Normal Defense
1 - 37% - 35% - 15:34
2 - 38% - 35% - 16:06
3 - 24% - 25% - 10:03
4 - 2% - 5% - 0:45
PP Forward
1 - 54% - 60% - 2:08
2 - 46% - 40% - 1:50
PP Defense
1 - 67% - 60% - 2:40
2 - 33% - 40% - 1:18
PK Forward
1 - 61% - 53% - 7:47
2 - 39% - 47% - 4:57
PK Defense
1 - 51% - 50% - 6:27
2 - 49% - 50% - 6:17
PK3 Forward
1 - 100% - 50% - 0:05
2 - 0% - 50% - 0:00
PK3 Defense
1 - 0% - 50% - 0:00
2 - 100% - 50% - 0:05
44 Forward
1 - 0% - 50%
2 - 0% - 50%
44 Defense
1 - 0% - 50%
2 - 0% - 50%
Last Minute Offensive - 0:45
Last Minute Defensive - 0:00
Total
Forward - 60:00
Defense - 60:00
|
Play-by-Play
1st period
0:01 of 1st period - Boone Jenner wins face-off versus Aleksander Barkov in neutral zone.
0:04 of 1st period - Snap shot by Adrian Kempe.
0:04 of 1st period - Shot Misses the Net.
1:10 of 1st period - Wrist shot by Noah Cates.
1:10 of 1st period - Shot Misses the Net.
1:12 of 1st period - Slapshot by Miro Heiskanen.
1:12 of 1st period - Shot Misses the Net.
1:14 of 1st period - Slapshot by Noah Hanifin.
1:14 of 1st period - Shot Blocked by Evan Bouchard.
1:16 of 1st period - Slapshot by Robby Fabbri.
1:16 of 1st period - Shot Misses the Net.
1:18 of 1st period - Slapshot by Miro Heiskanen.
1:18 of 1st period - Stopped by Juuse Saros with a rebound.
1:52 of 1st period - Backhand shot by Brock Boeser.
1:52 of 1st period - Stopped by Ville Husso with a rebound.
1:54 of 1st period - Slapshot by Rasmus Ristolainen.
1:54 of 1st period - Deflect By Jake DeBrusk.
1:54 of 1st period - Stopped by Ville Husso with a rebound.
1:56 of 1st period - Snap shot by Jake DeBrusk.
1:56 of 1st period - Shot Misses the Net.
1:58 of 1st period - Slapshot by Mikael Backlund.
1:58 of 1st period - Stopped by Ville Husso with a rebound.
2:18 of 1st period - Wrist shot by Alex Iafallo.
2:18 of 1st period - Shot Blocked by Anton Lundell.
2:34 of 1st period - Snap shot by Sam Lafferty.
2:34 of 1st period - Deflect By Noah Cates.
2:34 of 1st period - Shot Blocked by Scott Mayfield.
2:34 of 1st period - Puck is out of play.
2:35 of 1st period - Robby Fabbri wins face-off versus Tanner Jeannot in Edmonton Oilers zone.
3:02 of 1st period - Brandon Carlo is hit by Mikko Rantanen and loses puck.
3:48 of 1st period - Anton Lundell is hit by Jeff Carter and loses puck.
4:35 of 1st period - Wrist shot by Dawson Mercer.
4:35 of 1st period - Shot Blocked by Chad Ruhwedel.
4:37 of 1st period - Wrist shot by Derek Grant.
4:37 of 1st period - Stopped by Ville Husso with a rebound.
4:39 of 1st period - Snap shot by Tanner Jeannot.
4:39 of 1st period - Goal by Tanner Jeannot - Vancouver Canucks : 0 - Edmonton Oilers : 1.
4:40 of 1st period - Mikael Backlund wins face-off versus Clayton Keller in neutral zone.
4:55 of 1st period - Noah Hanifin is hit by Scott Mayfield and loses puck.
5:08 of 1st period - Snap shot by Blake Wheeler.
5:08 of 1st period - Stopped by Ville Husso with a rebound.
5:10 of 1st period - Slapshot by Rasmus Ristolainen.
5:10 of 1st period - Shot Blocked by Miro Heiskanen.
5:12 of 1st period - Wrist shot by Jeff Carter.
5:12 of 1st period - Stopped by Ville Husso with a rebound.
5:14 of 1st period - Wrist shot by Alex Iafallo.
5:14 of 1st period - Stopped by Ville Husso with a rebound.
5:16 of 1st period - Wrist shot by Jeff Carter.
5:16 of 1st period - Stopped by Ville Husso with a rebound.
5:18 of 1st period - Snap shot by Alex Iafallo.
5:18 of 1st period - Shot Blocked by Noah Hanifin.
6:03 of 1st period - Minor Penalty to Tanner Jeannot for Holding.
6:04 of 1st period - Jeff Carter wins face-off versus Aleksander Barkov in Edmonton Oilers zone.
6:13 of 1st period - Snap shot by Aleksander Barkov.
6:13 of 1st period - Shot Misses the Net.
6:22 of 1st period - Off-side.
6:23 of 1st period - Aleksander Barkov wins face-off versus Jeff Carter in neutral zone.
6:42 of 1st period - Rasmus Ristolainen is hit by Chad Ruhwedel and loses puck.
7:19 of 1st period - Brandon Carlo is hit by Artturi Lehkonen.
8:03 of 1st period - Penalty to Tanner Jeannot is over, Tanner Jeannot is back on ice.
8:50 of 1st period - Icing by Alex Iafallo.
8:51 of 1st period - Jesperi Kotkaniemi wins face-off versus Boone Jenner in Edmonton Oilers zone.
9:28 of 1st period - Wrist shot by Mikael Backlund.
9:28 of 1st period - Deflect By Brock Boeser.
9:28 of 1st period - Stopped by Ville Husso without a rebound.
9:29 of 1st period - Boone Jenner wins face-off versus Jesperi Kotkaniemi in Vancouver Canucks zone.
9:44 of 1st period - Snap shot by Taylor Raddysh.
9:44 of 1st period - Goal by Taylor Raddysh - Vancouver Canucks : 1 - Edmonton Oilers : 1.
9:45 of 1st period - Mikael Backlund wins face-off versus Aleksander Barkov in neutral zone.
10:00 of 1st period - Wrist shot by Mikko Rantanen.
10:00 of 1st period - Stopped by Juuse Saros without a rebound.
10:01 of 1st period - Boone Jenner wins face-off versus Jesperi Kotkaniemi in Edmonton Oilers zone.
10:28 of 1st period - Jacob Trouba is hit by Mikko Rantanen and loses puck.
10:39 of 1st period - Noah Hanifin is hit by Jake DeBrusk and loses puck.
11:45 of 1st period - Brett Pesce is hit by Jacob Bryson and loses puck.
12:00 of 1st period - Wrist shot by Blake Wheeler.
12:00 of 1st period - Shot Misses the Net.
12:02 of 1st period - Slapshot by Rasmus Ristolainen.
12:02 of 1st period - Stopped by Ville Husso with a rebound.
12:04 of 1st period - Wrist shot by Alex Iafallo.
12:04 of 1st period - Shot Misses the Net.
12:06 of 1st period - Slapshot by Rasmus Ristolainen.
12:06 of 1st period - Stopped by Ville Husso with a rebound.
12:08 of 1st period - Slapshot by Rasmus Ristolainen.
12:08 of 1st period - Deflect By Alex Iafallo.
12:08 of 1st period - Shot Misses the Net.
12:08 of 1st period - Puck is out of play.
12:09 of 1st period - Mikael Backlund wins face-off versus Mikko Rantanen in Vancouver Canucks zone.
12:17 of 1st period - Icing by Jake Bean.
12:18 of 1st period - Mikael Backlund wins face-off versus Aleksander Barkov in Vancouver Canucks zone.
12:29 of 1st period - Backhand shot by Brock Boeser.
12:29 of 1st period - Deflect By Mikael Backlund.
12:29 of 1st period - Shot Blocked by Aleksander Barkov.
12:29 of 1st period - Puck is out of play.
12:30 of 1st period - Aleksander Barkov wins face-off versus Mikael Backlund in Vancouver Canucks zone.
12:42 of 1st period - Off-side.
12:43 of 1st period - Boone Jenner wins face-off versus Aleksander Barkov in neutral zone.
12:59 of 1st period - Wrist shot by David Perron.
12:59 of 1st period - Stopped by Ville Husso without a rebound.
13:00 of 1st period - Jake DeBrusk wins face-off versus Clayton Keller in Vancouver Canucks zone.
13:03 of 1st period - Snap shot by Jake DeBrusk.
13:03 of 1st period - Shot Misses the Net.
13:26 of 1st period - Mikko Rantanen is hit by Adrian Kempe and loses puck.
14:29 of 1st period - Icing by Anton Lundell.
14:30 of 1st period - Aleksander Barkov wins face-off versus Mikael Backlund in Vancouver Canucks zone.
14:37 of 1st period - Jake DeBrusk is hit by Noah Hanifin and loses puck.
15:18 of 1st period - Wrist shot by Jesperi Kotkaniemi.
15:18 of 1st period - Shot Misses the Net.
15:20 of 1st period - Slapshot by Noah Hanifin.
15:20 of 1st period - Stopped by Juuse Saros without a rebound.
15:21 of 1st period - Jeff Carter wins face-off versus Taylor Raddysh in Edmonton Oilers zone.
15:28 of 1st period - Snap shot by Jesperi Kotkaniemi.
15:28 of 1st period - Stopped by Juuse Saros with a rebound.
15:30 of 1st period - Slapshot by Chad Ruhwedel.
15:30 of 1st period - Stopped by Juuse Saros with a rebound.
15:32 of 1st period - Snap shot by Anton Lundell.
15:32 of 1st period - Shot Blocked by Jacob Trouba.
15:34 of 1st period - Wrist shot by Anton Lundell.
15:34 of 1st period - Stopped by Juuse Saros with a rebound.
15:36 of 1st period - Snap shot by Anton Lundell.
15:36 of 1st period - Shot Misses the Net.
15:42 of 1st period - Minor Penalty to Jacob Trouba for Checking from behind.
15:43 of 1st period - Derek Grant wins face-off versus Casey Mittelstadt in Edmonton Oilers zone.
17:42 of 1st period - Penalty to Jacob Trouba is over, Jacob Trouba is back on ice.
17:45 of 1st period - Off-side.
17:46 of 1st period - Jesperi Kotkaniemi wins face-off versus Mikael Backlund in neutral zone.
17:56 of 1st period - Slapshot by Brock Boeser.
17:56 of 1st period - Shot Blocked by Anton Lundell.
18:00 of 1st period - Snap shot by Mikael Backlund.
18:00 of 1st period - Shot Misses the Net.
18:22 of 1st period - Backhand shot by David Perron.
18:22 of 1st period - Shot Misses the Net.
18:41 of 1st period - Artturi Lehkonen is hit by Jeff Carter and loses puck.
19:00 of 1st period - Casey Mittelstadt is hit by Dawson Mercer and loses puck.
19:27 of 1st period - Slapshot by Jesperi Kotkaniemi.
19:27 of 1st period - Stopped by Juuse Saros without a rebound.
19:28 of 1st period - Mikael Backlund wins face-off versus Jesperi Kotkaniemi in Edmonton Oilers zone.
19:37 of 1st period - Snap shot by Jesperi Kotkaniemi.
19:37 of 1st period - Stopped by Juuse Saros without a rebound.
19:38 of 1st period - Mikael Backlund wins face-off versus Jesperi Kotkaniemi in Edmonton Oilers zone.
19:50 of 1st period - Icing by Taylor Raddysh.
19:51 of 1st period - Jesperi Kotkaniemi wins face-off versus Boone Jenner in Vancouver Canucks zone.
Goals for this period are 1 for Vancouver Canucks vs 1 for Edmonton Oilers.
Shots for this period are 9 for Vancouver Canucks vs 13 for Edmonton Oilers.
2nd period
0:01 of 2nd period - Boone Jenner wins face-off versus Casey Mittelstadt in neutral zone.
0:12 of 2nd period - Snap shot by David Perron.
0:12 of 2nd period - Stopped by Ville Husso with a rebound.
0:14 of 2nd period - Slapshot by Boone Jenner.
0:14 of 2nd period - Stopped by Ville Husso without a rebound.
0:15 of 2nd period - Mikael Backlund wins face-off versus Artturi Lehkonen in Vancouver Canucks zone.
0:30 of 2nd period - Slapshot by Mikko Rantanen.
0:30 of 2nd period - Stopped by Juuse Saros with a rebound.
1:17 of 2nd period - Snap shot by Alex Iafallo.
1:17 of 2nd period - Stopped by Ville Husso without a rebound.
1:18 of 2nd period - Brock Boeser wins face-off versus Aleksander Barkov in Vancouver Canucks zone.
1:33 of 2nd period - Snap shot by Artturi Lehkonen.
1:33 of 2nd period - Stopped by Juuse Saros with a rebound.
1:35 of 2nd period - Slapshot by Noah Hanifin.
1:35 of 2nd period - Deflect By Mikko Rantanen.
1:35 of 2nd period - Shot Misses the Net.
1:35 of 2nd period - Puck is out of play.
1:36 of 2nd period - Boone Jenner wins face-off versus Clayton Keller in Edmonton Oilers zone.
1:51 of 2nd period - Wrist shot by Boone Jenner.
1:51 of 2nd period - Stopped by Ville Husso with a rebound.
1:53 of 2nd period - Snap shot by Boone Jenner.
1:53 of 2nd period - Shot Misses the Net.
2:28 of 2nd period - Taylor Raddysh is hit by Jeff Carter.
2:32 of 2nd period - Jesperi Kotkaniemi is hit by Blake Wheeler and loses puck.
2:51 of 2nd period - Snap shot by Clayton Keller.
2:51 of 2nd period - Stopped by Juuse Saros without a rebound.
2:52 of 2nd period - Casey Mittelstadt wins face-off versus Derek Grant in Edmonton Oilers zone.
3:01 of 2nd period - Wrist shot by Kasperi Kapanen.
3:01 of 2nd period - Shot Blocked by Brandon Carlo.
3:03 of 2nd period - Snap shot by Casey Mittelstadt.
3:03 of 2nd period - Stopped by Juuse Saros with a rebound.
3:05 of 2nd period - Slapshot by Clayton Keller.
3:05 of 2nd period - Stopped by Juuse Saros without a rebound.
3:06 of 2nd period - Boone Jenner wins face-off versus Mikko Rantanen in Edmonton Oilers zone.
3:54 of 2nd period - Snap shot by Jesperi Kotkaniemi.
3:54 of 2nd period - Stopped by Juuse Saros with a rebound.
3:56 of 2nd period - Slapshot by Jesperi Kotkaniemi.
3:56 of 2nd period - Shot Blocked by Jacob Trouba.
3:58 of 2nd period - Snap shot by Anton Lundell.
3:58 of 2nd period - Stopped by Juuse Saros without a rebound.
3:59 of 2nd period - Boone Jenner wins face-off versus Jesperi Kotkaniemi in Edmonton Oilers zone.
4:12 of 2nd period - Snap shot by Jesperi Kotkaniemi.
4:12 of 2nd period - Stopped by Juuse Saros with a rebound.
4:14 of 2nd period - Wrist shot by Jesperi Kotkaniemi.
4:14 of 2nd period - Deflect By Taylor Raddysh.
4:14 of 2nd period - Shot Misses the Net.
4:14 of 2nd period - Puck is out of play.
4:15 of 2nd period - Mikael Backlund wins face-off versus Aleksander Barkov in Edmonton Oilers zone.
4:38 of 2nd period - Minor Penalty to Chad Ruhwedel for Hooking.
4:39 of 2nd period - Boone Jenner wins face-off versus Aleksander Barkov in Vancouver Canucks zone.
4:56 of 2nd period - Slapshot by Brock Boeser.
4:56 of 2nd period - Stopped by Ville Husso without a rebound.
4:57 of 2nd period - Mikael Backlund wins face-off versus Clayton Keller in Vancouver Canucks zone.
5:10 of 2nd period - Wrist shot by David Perron.
5:10 of 2nd period - Stopped by Ville Husso with a rebound.
5:12 of 2nd period - Slapshot by Blake Wheeler.
5:12 of 2nd period - Shot Misses the Net.
6:38 of 2nd period - Penalty to Chad Ruhwedel is over, Chad Ruhwedel is back on ice.
7:19 of 2nd period - Wrist shot by Clayton Keller.
7:19 of 2nd period - Stopped by Juuse Saros without a rebound.
7:20 of 2nd period - Derek Grant wins face-off versus Clayton Keller in Edmonton Oilers zone.
8:08 of 2nd period - Wrist shot by Brock Boeser.
8:08 of 2nd period - Stopped by Ville Husso without a rebound.
8:09 of 2nd period - Casey Mittelstadt wins face-off versus Blake Wheeler in Vancouver Canucks zone.
8:34 of 2nd period - Boone Jenner is hit by Mikko Rantanen and loses puck.
8:39 of 2nd period - Snap shot by Aleksander Barkov.
8:39 of 2nd period - Stopped by Juuse Saros with a rebound.
8:41 of 2nd period - Snap shot by Jacob Bryson.
8:41 of 2nd period - Shot Blocked by Brett Pesce.
8:43 of 2nd period - Snap shot by Artturi Lehkonen.
8:43 of 2nd period - Shot Misses the Net.
8:45 of 2nd period - Wrist shot by Mikko Rantanen.
8:45 of 2nd period - Shot Misses the Net.
8:47 of 2nd period - Backhand shot by Jacob Bryson.
8:47 of 2nd period - Stopped by Juuse Saros with a rebound.
9:37 of 2nd period - Off-side.
9:38 of 2nd period - Jeff Carter wins face-off versus Casey Mittelstadt in neutral zone.
9:45 of 2nd period - Snap shot by Blake Wheeler.
9:45 of 2nd period - Stopped by Ville Husso without a rebound.
9:46 of 2nd period - Boone Jenner wins face-off versus Casey Mittelstadt in Vancouver Canucks zone.
10:03 of 2nd period - Boone Jenner is hit by Kasperi Kapanen and loses puck.
11:19 of 2nd period - Boone Jenner is hit by Casey Mittelstadt and loses puck.
11:46 of 2nd period - Taylor Raddysh is hit by Brock Boeser.
12:29 of 2nd period - Snap shot by Brock Boeser.
12:29 of 2nd period - Shot Blocked by Adam Boqvist.
12:31 of 2nd period - Wrist shot by Jacob Trouba.
12:31 of 2nd period - Stopped by Ville Husso with a rebound.
12:33 of 2nd period - Snap shot by Brock Boeser.
12:33 of 2nd period - Stopped by Ville Husso with a rebound.
12:35 of 2nd period - Snap shot by Mikael Backlund.
12:35 of 2nd period - Stopped by Ville Husso without a rebound.
12:36 of 2nd period - Boone Jenner wins face-off versus Casey Mittelstadt in Vancouver Canucks zone.
12:45 of 2nd period - Slapshot by Casey Mittelstadt.
12:45 of 2nd period - Stopped by Juuse Saros with a rebound.
12:47 of 2nd period - Wrist shot by Clayton Keller.
12:47 of 2nd period - Goal by Clayton Keller - Vancouver Canucks : 2 - Edmonton Oilers : 1.
12:48 of 2nd period - Boone Jenner wins face-off versus Casey Mittelstadt in neutral zone.
13:26 of 2nd period - Slapshot by Alex Iafallo.
13:26 of 2nd period - Shot Misses the Net.
13:28 of 2nd period - Slapshot by Rasmus Ristolainen.
13:28 of 2nd period - Stopped by Ville Husso with a rebound.
13:30 of 2nd period - Slapshot by Rasmus Ristolainen.
13:30 of 2nd period - Deflect By Jeff Carter.
13:30 of 2nd period - Shot Misses the Net.
13:30 of 2nd period - Puck is out of play.
13:31 of 2nd period - Mikael Backlund wins face-off versus Casey Mittelstadt in Vancouver Canucks zone.
13:40 of 2nd period - Wrist shot by Jake DeBrusk.
13:40 of 2nd period - Stopped by Ville Husso with a rebound.
13:42 of 2nd period - Wrist shot by Jake DeBrusk.
13:42 of 2nd period - Stopped by Ville Husso with a rebound.
13:44 of 2nd period - Wrist shot by Brock Boeser.
13:44 of 2nd period - Shot Misses the Net.
13:46 of 2nd period - Wrist shot by Mikael Backlund.
13:46 of 2nd period - Shot Blocked by Jacob Bryson.
13:48 of 2nd period - Wrist shot by Mikael Backlund.
13:48 of 2nd period - Stopped by Ville Husso with a rebound.
13:58 of 2nd period - Boone Jenner is hit by Mikko Rantanen and loses puck.
14:10 of 2nd period - Wrist shot by Aleksander Barkov.
14:10 of 2nd period - Deflect By Mikko Rantanen.
14:10 of 2nd period - Stopped by Juuse Saros without a rebound.
14:11 of 2nd period - Anton Lundell wins face-off versus Mikael Backlund in Edmonton Oilers zone.
14:15 of 2nd period - Minor Penalty to Rasmus Ristolainen for Interference.
14:16 of 2nd period - Derek Grant wins face-off versus Casey Mittelstadt in Edmonton Oilers zone.
14:16 of 2nd period - Derek Grant is hit by Miro Heiskanen.
14:25 of 2nd period - Slapshot by Miro Heiskanen.
14:25 of 2nd period - Shot Misses the Net.
14:27 of 2nd period - Wrist shot by Casey Mittelstadt.
14:27 of 2nd period - Deflect By Tanner Jeannot.
14:27 of 2nd period - Shot Misses the Net.
14:27 of 2nd period - Puck is out of play.
14:28 of 2nd period - Derek Grant wins face-off versus Casey Mittelstadt in Edmonton Oilers zone.
14:35 of 2nd period - Wrist shot by Tanner Jeannot.
14:35 of 2nd period - Stopped by Ville Husso without a rebound.
14:36 of 2nd period - Casey Mittelstadt wins face-off versus Derek Grant in Vancouver Canucks zone.
16:15 of 2nd period - Penalty to Rasmus Ristolainen is over, Rasmus Ristolainen is back on ice.
16:35 of 2nd period - Scott Mayfield is hit by Robby Fabbri and loses puck.
16:46 of 2nd period - Wrist shot by Alex Iafallo.
16:46 of 2nd period - Shot Misses the Net.
16:48 of 2nd period - Slapshot by Scott Mayfield.
16:48 of 2nd period - Shot Blocked by Chad Ruhwedel.
16:50 of 2nd period - Slapshot by Scott Mayfield.
16:50 of 2nd period - Stopped by Ville Husso with a rebound.
16:52 of 2nd period - Slapshot by Adrian Kempe.
16:52 of 2nd period - Shot Misses the Net.
17:00 of 2nd period - Snap shot by Adrian Kempe.
17:00 of 2nd period - Deflect By David Perron.
17:00 of 2nd period - Stopped by Ville Husso without a rebound.
17:01 of 2nd period - Noah Cates wins face-off versus Brock Boeser in Vancouver Canucks zone.
17:01 of 2nd period - Noah Cates is hit by Evan Bouchard.
17:09 of 2nd period - Snap shot by Miro Heiskanen.
17:09 of 2nd period - Deflect By Robby Fabbri.
17:09 of 2nd period - Shot Misses the Net.
17:09 of 2nd period - Puck is out of play.
17:10 of 2nd period - Sam Lafferty wins face-off versus Mikael Backlund in Edmonton Oilers zone.
17:19 of 2nd period - Snap shot by Sam Lafferty.
17:19 of 2nd period - Stopped by Juuse Saros without a rebound.
17:20 of 2nd period - Boone Jenner wins face-off versus Casey Mittelstadt in Edmonton Oilers zone.
17:22 of 2nd period - Minor Penalty to Adrian Kempe for Hooking.
17:23 of 2nd period - Derek Grant wins face-off versus Aleksander Barkov in Edmonton Oilers zone.
17:29 of 2nd period - Slapshot by Tanner Jeannot.
17:29 of 2nd period - Shot Blocked by Mikko Rantanen.
17:31 of 2nd period - Backhand shot by Rasmus Ristolainen.
17:31 of 2nd period - Shot Blocked by Clayton Keller.
17:33 of 2nd period - Slapshot by Rasmus Ristolainen.
17:33 of 2nd period - Shot Blocked by Noah Hanifin.
19:22 of 2nd period - Penalty to Adrian Kempe is over, Adrian Kempe is back on ice.
19:27 of 2nd period - Taylor Raddysh is hit by David Perron and loses puck.
19:40 of 2nd period - Evan Bouchard is hit by Noah Cates and loses puck.
Goals for this period are 1 for Vancouver Canucks vs 0 for Edmonton Oilers.
Shots for this period are 15 for Vancouver Canucks vs 18 for Edmonton Oilers.
3rd period
0:01 of 3rd period - Boone Jenner wins face-off versus Aleksander Barkov in neutral zone.
0:12 of 3rd period - Snap shot by David Perron.
0:12 of 3rd period - Stopped by Ville Husso without a rebound.
0:13 of 3rd period - Boone Jenner wins face-off versus Casey Mittelstadt in Vancouver Canucks zone.
0:38 of 3rd period - Snap shot by Taylor Raddysh.
0:38 of 3rd period - Stopped by Juuse Saros without a rebound.
0:39 of 3rd period - Jesperi Kotkaniemi wins face-off versus Mikael Backlund in Edmonton Oilers zone.
0:54 of 3rd period - Backhand shot by Taylor Raddysh.
0:54 of 3rd period - Deflect By Jesperi Kotkaniemi.
0:54 of 3rd period - Stopped by Juuse Saros without a rebound.
0:55 of 3rd period - Aleksander Barkov wins face-off versus David Perron in Edmonton Oilers zone.
1:31 of 3rd period - Wrist shot by Taylor Raddysh.
1:31 of 3rd period - Shot Blocked by Brandon Carlo.
1:47 of 3rd period - Brock Boeser is hit by Jacob Bryson and loses puck.
2:14 of 3rd period - Wrist shot by Sam Lafferty.
2:14 of 3rd period - Shot Misses the Net.
2:32 of 3rd period - Snap shot by Mikko Rantanen.
2:32 of 3rd period - Shot Blocked by Jacob Trouba.
2:34 of 3rd period - Slapshot by Miro Heiskanen.
2:34 of 3rd period - Shot Misses the Net.
2:36 of 3rd period - Slapshot by Chad Ruhwedel.
2:36 of 3rd period - Stopped by Juuse Saros with a rebound.
3:05 of 3rd period - Icing by Brock Boeser.
3:06 of 3rd period - Jesperi Kotkaniemi wins face-off versus Jeff Carter in Edmonton Oilers zone.
3:21 of 3rd period - Snap shot by Alex Iafallo.
3:21 of 3rd period - Stopped by Ville Husso with a rebound.
3:29 of 3rd period - Slapshot by Miro Heiskanen.
3:29 of 3rd period - Stopped by Juuse Saros without a rebound.
3:30 of 3rd period - Boone Jenner wins face-off versus Casey Mittelstadt in Edmonton Oilers zone.
3:45 of 3rd period - Snap shot by Kasperi Kapanen.
3:45 of 3rd period - Stopped by Juuse Saros without a rebound.
3:46 of 3rd period - Mikael Backlund wins face-off versus Aleksander Barkov in Edmonton Oilers zone.
3:53 of 3rd period - Backhand shot by Brock Boeser.
3:53 of 3rd period - Stopped by Ville Husso without a rebound.
3:54 of 3rd period - Aleksander Barkov wins face-off versus Mikael Backlund in Vancouver Canucks zone.
4:56 of 3rd period - Snap shot by Jake DeBrusk.
4:56 of 3rd period - Stopped by Ville Husso without a rebound.
4:57 of 3rd period - Boone Jenner wins face-off versus Casey Mittelstadt in Vancouver Canucks zone.
5:25 of 3rd period - Icing by Adam Boqvist.
5:26 of 3rd period - Jeff Carter wins face-off versus Jesperi Kotkaniemi in Vancouver Canucks zone.
5:27 of 3rd period - Snap shot by Blake Wheeler.
5:27 of 3rd period - Goal by Blake Wheeler - Vancouver Canucks : 2 - Edmonton Oilers : 2.
5:28 of 3rd period - Boone Jenner wins face-off versus Casey Mittelstadt in neutral zone.
5:32 of 3rd period - Minor Penalty to Clayton Keller for Holding Stick.
5:33 of 3rd period - Jesperi Kotkaniemi wins face-off versus Boone Jenner in Vancouver Canucks zone.
7:32 of 3rd period - Penalty to Clayton Keller is over, Clayton Keller is back on ice.
7:48 of 3rd period - Minor Penalty to Tanner Jeannot for High sticking.
7:49 of 3rd period - Casey Mittelstadt wins face-off versus Derek Grant in Edmonton Oilers zone.
8:15 of 3rd period - Aleksander Barkov is hit by Jeff Carter.
9:48 of 3rd period - Penalty to Tanner Jeannot is over, Tanner Jeannot is back on ice.
10:01 of 3rd period - Slapshot by Mikael Backlund.
10:01 of 3rd period - Shot Misses the Net.
10:52 of 3rd period - Jake Bean is hit by Alex Iafallo.
11:13 of 3rd period - Minor Penalty to Jake DeBrusk for Diving.
11:14 of 3rd period - Jeff Carter wins face-off versus Clayton Keller in Edmonton Oilers zone.
11:53 of 3rd period - Snap shot by Artturi Lehkonen.
11:53 of 3rd period - Stopped by Juuse Saros with a rebound.
12:08 of 3rd period - Minor Penalty to Scott Mayfield for Hooking.
12:09 of 3rd period - Derek Grant wins face-off versus Casey Mittelstadt in Edmonton Oilers zone.
12:13 of 3rd period - Slapshot by Artturi Lehkonen.
12:13 of 3rd period - Deflect By Kasperi Kapanen.
12:13 of 3rd period - Goal by Kasperi Kapanen - Vancouver Canucks : 3 - Edmonton Oilers : 2.
12:14 of 3rd period - Derek Grant wins face-off versus Casey Mittelstadt in neutral zone.
12:17 of 3rd period - Slapshot by Brett Pesce.
12:17 of 3rd period - Shot Blocked by Adam Boqvist.
12:19 of 3rd period - Slapshot by Tanner Jeannot.
12:19 of 3rd period - Stopped by Ville Husso without a rebound.
12:20 of 3rd period - Derek Grant wins face-off versus Casey Mittelstadt in Vancouver Canucks zone.
12:23 of 3rd period - Snap shot by Derek Grant.
12:23 of 3rd period - Stopped by Ville Husso without a rebound.
12:24 of 3rd period - Derek Grant wins face-off versus Casey Mittelstadt in Vancouver Canucks zone.
12:31 of 3rd period - Wrist shot by Tanner Jeannot.
12:31 of 3rd period - Shot Misses the Net.
12:33 of 3rd period - Slapshot by Brett Pesce.
12:33 of 3rd period - Shot Blocked by Casey Mittelstadt.
12:35 of 3rd period - Slapshot by Brett Pesce.
12:35 of 3rd period - Shot Blocked by Casey Mittelstadt.
13:01 of 3rd period - Wrist shot by Jeff Carter.
13:01 of 3rd period - Shot Hit the Post.
13:03 of 3rd period - Snap shot by Jeff Carter.
13:03 of 3rd period - Shot Hit the Post.
13:15 of 3rd period - Snap shot by Casey Mittelstadt.
13:15 of 3rd period - Shot Blocked by Brandon Carlo.
13:17 of 3rd period - Wrist shot by Kasperi Kapanen.
13:17 of 3rd period - Stopped by Juuse Saros with a rebound.
13:19 of 3rd period - Snap shot by Artturi Lehkonen.
13:19 of 3rd period - Stopped by Juuse Saros without a rebound.
13:20 of 3rd period - Derek Grant wins face-off versus Aleksander Barkov in Edmonton Oilers zone.
13:29 of 3rd period - Brett Pesce is hit by Mikko Rantanen and loses puck.
14:08 of 3rd period - Penalty to Scott Mayfield is over, Scott Mayfield is back on ice.
15:02 of 3rd period - Wrist shot by Miro Heiskanen.
15:02 of 3rd period - Deflect By Jeff Carter.
15:02 of 3rd period - Stopped by Juuse Saros without a rebound.
15:03 of 3rd period - Jeff Carter wins face-off versus Noah Cates in Edmonton Oilers zone.
15:03 of 3rd period - Jeff Carter is hit by Sam Lafferty.
15:15 of 3rd period - Slapshot by Miro Heiskanen.
15:15 of 3rd period - Deflect By Robby Fabbri.
15:15 of 3rd period - Shot Misses the Net.
15:15 of 3rd period - Puck is out of play.
15:16 of 3rd period - Jeff Carter wins face-off versus Noah Cates in Edmonton Oilers zone.
15:42 of 3rd period - Rasmus Ristolainen is hit by Mikko Rantanen and loses puck.
15:53 of 3rd period - Slapshot by Artturi Lehkonen.
15:53 of 3rd period - Stopped by Juuse Saros with a rebound.
16:00 of 3rd period - Icing by Evan Bouchard.
16:01 of 3rd period - Boone Jenner wins face-off versus Jesperi Kotkaniemi in Edmonton Oilers zone.
17:30 of 3rd period - Casey Mittelstadt is hit by Blake Wheeler and loses puck.
18:40 of 3rd period - Edmonton Oilers, Juuse Saros is pulled from the net.
19:04 of 3rd period - Aleksander Barkov is hit by Boone Jenner and loses puck.
19:43 of 3rd period - Snap shot by Aleksander Barkov.
19:43 of 3rd period - Goal by Aleksander Barkov - Vancouver Canucks : 4 - Edmonton Oilers : 2.
19:43 of 3rd period - Juuse Saros from Edmonton Oilers was sent back in the game.
19:44 of 3rd period - Taylor Raddysh wins face-off versus Jeff Carter in neutral zone.
19:51 of 3rd period - Alex Iafallo is hit by Adam Boqvist and loses puck.
Goals for this period are 2 for Vancouver Canucks vs 1 for Edmonton Oilers.
Shots for this period are 12 for Vancouver Canucks vs 7 for Edmonton Oilers.
Back to the Top